AoeStats
← Zumoshi

Black Forest

507004913Analyzed
1v1 RM · 17d ago on Sep 16, 2026· 92m 52s· 2 players
Game mode
Random Map
Map size
Tiny (2 player)
Population
200
Speed
Normal
Resources
Standard
Victory
Conquest
Starting age
Dark Age
Ending age
Imperial Age
RankedLock teamsTeams togetherTeam positionsShared explorationLock speedFull tech treeHidden civsTurbo modeCheats
Victory
Defeat
🇮🇱 Shu · Israel
1132
+17
🇩🇪 Teutons · Germany
1149
-17
Zumoshi
13:26 Feudal Age
18:08 Castle Age
18:19 Loom
20:23 Fletching
20:07 Crossbowman
23:03 Double-Bit Axe
24:27 Bow Saw
25:05 Horse Collar
26:22 Wheelbarrow
28:42 Bodkin Arrow
29:00 Thumb Ring
29:06 Gold Mining
32:04 Padded Archer Armor
34:21 Town Watch
36:43 Ballistics
39:17 Imperial Age
37:39 Leather Archer Armor
37:25 Scale Mail Armor
37:37 Squires
38:42 Heavy Plow
38:44 Pikeman
39:32 Coiled Serpent Array
39:39 Arbalester
40:21 Bracer
40:58 Halberdier
42:16 Ring Archer Armor
43:25 Bolt Magazine
45:01 Conscription
45:03 Chain Mail Armor
44:59 Forging
46:45 Chemistry
45:41 Murder Holes
45:56 Elite White Feather Guard
48:08 Two-Man Saw
48:10 Siege Engineers
53:09 Hand Cart
52:57 Town Patrol
53:29 Plate Mail Armor
53:14 Masonry
53:43 Hoardings
66:43 Guilds
timme.vogts
2:03 Loom
13:25 Feudal Age
14:00 Double-Bit Axe
14:43 Man-at-Arms
15:37 Arson
16:11 Horse Collar
21:53 Town Watch
24:45 Castle Age
23:26 Gold Mining
25:59 Bow Saw
29:00 Imperial Age
28:17 Squires
30:47 Chemistry
31:26 Wheelbarrow
31:00 Onager
33:40 Scale Barding Armor
35:14 Forging
36:10 Bloodlines
36:45 Cavalier
37:49 Chain Barding Armor
38:56 Iron Casting
39:30 Plate Barding Armor
40:10 Hand Cart
41:58 Paladin
44:22 Siege Onager
48:08 Two-Man Saw
47:02 Stone Mining
47:46 Conscription
53:01 Blast Furnace
53:21 Hoardings
53:08 Crenellations
52:58 Fletching
55:51 Town Patrol
59:30 Bodkin Arrow
60:00 Ballistics
59:47 Siege Engineers
60:10 Ballistics
60:53 Masonry
62:14 Guard Tower
64:36 Ironclad
66:08 Elite Teutonic Knight
78:35 Padded Archer Armor
78:50 Elite Skirmisher
79:51 Heavy Plow
81:32 Leather Archer Armor
83:36 Ring Archer Armor
85:13 Scale Mail Armor
84:42 Long Swordsman
88:03 Chain Mail Armor
Connection lost

Rejoining the realm…

Still unreachable

The connection could not be restored.

Session expired

The server has moved on; the page needs a fresh start.